 Dungeon Crawl Stone Soup version 0.32-a0-39-g5c88369fb2 (webtiles) character file.

Game seed: 10690859884274206086

2110849 Ge0ff the Mummy-At-Arms (level 27, 210/210 HPs)
             Began as a Mummy Cinder Acolyte on Feb 1, 2024.
             Was a Believer of Okawaru.
             Escaped with the Orb
             ... and 5 runes
             ... and 1 gem on Feb 2, 2024!
             The game lasted 04:02:51 (149673 turns).

Ge0ff the Mummy-At-Arms (Mummy Cinder Acolyte)    Turns: 149673, Time: 04:02:52

Health: 210/210    AC: 22    Str: 27    XL:     27
Magic:  47/47      EV: 15    Int: 37    God:    Okawaru [**....]
Gold:   4404       SH: 10    Dex: 11    Spells: 2/66 levels left

rFire   + . .        a - staff "Fufontej" {^Fragile rElec rF+ rCorr Str+5 Air}
rCold   + . .        z - +3 buckler {reflect}
rNeg    + + +        Z - +3 troll leather armour {Snorg}
rPois   ∞            Q - +2 helmet of Lura Atu {rElec Dex+3}
rElec   +            Y - +5 cloak of Muttered Phrases {*Corrode rElec Regen+}
rCorr   +            u - +1 pair of gloves of the Jackfruit {+Blink Int+5 Slay-6 Stlth+}
SInv    .            t - +2 pair of boots
Will    +++..        p - amulet of magic regeneration
Stlth   ++           D - ring "Lenaezxa" {Fire Int+4}
HPRegen 2.15/turn    K - ring "Abroy" {Wiz rC+ Str+3 Int+3, =R}
MPRegen 0.70/turn

%: corrode self (3%), reflection, faith, wizardry (x1)
@: very slightly contaminated, studying 2 skills
A: cold resistance 1, negative energy resistance 3, torment resistance 2, heat
vulnerability 1, in touch with death 2, no potions, faith
0: Orb of Zot
}: 5/15 runes: barnacled, slimy, silver, abyssal, gossamer
a: Renounce Religion, Evoke Blink, Heroism


You escaped.
You worshipped Okawaru.
Okawaru was pleased with you.
You visited 12 branches of the dungeon, and saw 56 of its levels.
You visited the Abyss 6 times.
You visited 2 bazaars.
You also visited: Trove, Sewer, Gauntlet, Ice Cave and Desolation.

You collected 12713 gold pieces.
You spent 8309 gold pieces at shops.

Inventory:

Hand Weapons
 b - the +5 spear "Axithreo" {elec, rPois rCorr}
   (You bought it in a shop on level 5 of the Dungeon)

   rPois:     It protects you from poison rCorr: It protects you from acid and
   corrosion.
 H - the +6 Majin-Bo {spellvamp, MP+6 Int+6}
   (You took it off a servant of whispers in the Desolation of Salt)

   Int+6:     It affects your intelligence (+6).
   MP+6:      It affects your magic capacity (+6).
Missiles
 g - 10 throwing nets {=F}
 i - 32 silver javelins
 r - 17 javelins
 v - 8 curare-tipped darts {=F}
 w - 5 darts of dispersal
 W - 9 datura-tipped darts {=F}
Armour
 t - a +2 pair of boots (worn)
 u - the +1 pair of gloves of the Jackfruit (worn) {+Blink Int+5 Slay-6 Stlth+}
   (You found it on level 3 of the Elven Halls)

   Int+5:     It affects your intelligence (+5).
   Slay-6:    It affects your accuracy & damage with ranged weapons and melee
   (-6).
   +Blink:    It lets you blink.
   Stlth+:    It makes you more stealthy.
 z - a +3 buckler of reflection (worn)
 M - a +2 robe of resistance
 N - an orb of energy
 Q - the +2 helmet of Lura Atu (worn) {rElec Dex+3}
   (You found it in a Gauntlet)

   Dex+3:     It affects your dexterity (+3).
   rElec:     It insulates you from electricity.
 Y - the +5 cloak of Muttered Phrases (worn) {*Corrode rElec Regen+}
   (You found it on level 5 of the Pits of Slime)

   rElec:     It insulates you from electricity.
   Regen+:    It increases your rate of health regeneration.
   *Corrode:  It may corrode you when you take damage.
 Z - a +3 troll leather armour (worn) {Snorg}
Magical Staves
 a - the staff "Fufontej" (weapon) {^Fragile rElec rF+ rCorr Str+5 Air}
   (You took it off a yaktaur on level 5 of the Vaults)

   [staff of air]

   Base accuracy: +5 Base damage: 5 Base attack delay: 1.2 This weapon's minimum
   attack delay (0.6) is reached at skill level 12.
   Str+5:     It affects your strength (+5).
   rF+:       It protects you from fire.
   rElec:     It insulates you from electricity.
   rCorr:     It protects you from acid and corrosion.
   ^Fragile:  It will be destroyed if unequipped.
   Air:       It increases the power of your Air spells.
   It falls into the 'Staves' category.
   It is a one-handed weapon.
Jewellery
 h - the ring "Puyjurph" {rF+ rCorr Int+3 Dex+6 Stlth+}
   (You found it in a treasure trove)

   [ring of dexterity]

   Int+3:     It affects your intelligence (+3).
   Dex+6:     It affects your dexterity (+6).
   rF+:       It protects you from fire.
   rCorr:     It protects you from acid and corrosion.
   Stlth+:    It makes you more stealthy.
 o - a ring of see invisible
 p - an amulet of magic regeneration (around neck)
 q - the ring "Torphic" {rPois rC- Will+ rCorr Int+4}
   (You took it off a minotaur in a Gauntlet)

   [ring of resist corrosion]

   Int+4:     It affects your intelligence (+4).
   rC-:       It makes you vulnerable to cold.
   rPois:     It protects you from poison Will+: It increases your willpower.
   rCorr:     It protects you from acid and corrosion.
 x - the amulet of the Four Winds {rN+ Will+++ Clar}
   (You bought it in a shop on level 1 of the Depths)

   [amulet of nothing]

   rN+:       It protects you from negative energy.
   Will+++:   It greatly increases your willpower.
   Clar:      It protects you from confusion, rage, mesmerisation and fear.
 A - the amulet of Bemat {Regen+ Int+7}
   (You found it on level 2 of the Crypt)

   [amulet of regeneration]

   Int+7:     It affects your intelligence (+7).
   Regen+:    It increases your rate of health regeneration.
 D - the ring "Lenaezxa" (left hand) {Fire Int+4}
   (You took it off a deep elf knight on level 3 of the Elven Halls)

   [ring of fire]

   Fire:      It enhances your fire magic.
   Int+4:     It affects your intelligence (+4).
   rF+:       It protects you from fire.
   rC-:       It makes you vulnerable to cold.
 G - the ring of the Dropbear {Will+ AC+4}
   (You found it on level 3 of the Crypt)

   [ring of protection]

   AC+4:      It affects your AC (+4).
   Will+:     It increases your willpower.
 I - the ring "Plog" {Str+3 Int+6}
   (You found it in a treasure trove)

   [ring of intelligence]

   Str+3:     It affects your strength (+3).
   Int+6:     It affects your intelligence (+6).
 K - the ring "Abroy" (right hand) {Wiz rC+ Str+3 Int+3, =R}
   (You found it in the Desolation of Salt)

   [ring of wizardry]

   Wiz:       It improves your spell success rate.
   Str+3:     It affects your strength (+3).
   Int+3:     It affects your intelligence (+3).
   rC+:       It protects you from cold.
 L - a ring of flight
 X - the ring of Hinorim {Ice rN+ Will+}
   (You took it off a frost giant on level 3 of the Depths)

   [ring of ice]

   Ice:       It enhances your ice magic.
   rF-:       It makes you vulnerable to fire.
   rC+:       It protects you from cold.
   rN+:       It protects you from negative energy.
   Will+:     It increases your willpower.
Wands
 d - a wand of digging (14)
 e - a wand of charming (98)
 f - a wand of flame (158)
 j - a wand of light (20)
 k - a wand of iceblast (25)
 s - a wand of mindburst (46)
 P - a wand of polymorph (30)
Scrolls
 m - 2 scrolls of revelation
 y - 6 scrolls of immolation
 B - 4 scrolls of blinking
 C - 6 scrolls of poison
 E - 12 scrolls of fear
 F - 5 scrolls of fog
 J - 8 scrolls of silence {!r}
 R - 3 scrolls of torment
 S - 2 scrolls of summoning
 T - 7 scrolls of teleportation
 V - 9 scrolls of vulnerability
Miscellaneous
 c - a condenser vane
 l - a lightning rod (3/4)
 n - a phial of floods
 O - a box of beasts
 U - a phantom mirror


   Skills:
 - Level 16.0 Fighting
 - Level 2.4 Polearms
 - Level 6.0 Throwing
 - Level 7.0 Armour
 - Level 10.0 Dodging
 + Level 11.2 Stealth
 - Level 12.0 Shields
 - Level 20.0 Spellcasting
 - Level 10.0 Conjurations
 - Level 7.0 Necromancy
 - Level 3.0 Translocations
 - Level 15.0 Fire Magic
 - Level 15.0 Ice Magic
 - Level 15.0 Air Magic
 - Level 7.0 Earth Magic
 - Level 10.0 Alchemy
 - Level 20.1 Invocations
 - Level 12.0 Evocations


You had 2 spell levels left.
You knew the following spells:

 Your Spells              Type           Power      Damage    Failure   Level
d - Iskenderun's Mystic   Conj/Tloc      71%        2d14      1%          4
g - Apportation           Tloc           100%       N/A       1%          1
h - Lee's Rapid Deconstr  Erth           36%        3d18*     1%          5
i - Ignition              Fire           61%        3d16      5%          8
j - Plasma Beam           Fire/Air       73%        2x1d90    1%          6
k - Borgnjor's Vile Clut  Necr/Erth      58%        N/A       1%          5
m - Bombard               Conj/Erth      39%        9d7       1%          6
n - Dispel Undead         Necr           100%       3d31      1%          4
w - Passwall              Erth           73%        N/A       1%          3
x - Maxwell's Capacitive  Air            61%        ∞         5%          8
B - Blink                 Tloc           100%       N/A       1%          2
C - Ozocubu's Refrigerat  Ice            49%        4d18      1%          7
E - Irradiate             Conj/Alch      42%        3d25      1%          5

Your spell library contained the following spells:

 Spells                   Type           Power      Damage    Failure   Level
 Magic Dart               Conj           100%       1d8       0%          1
 Shock                    Conj/Air       100%       1d9       0%          1
 Sting                    Conj/Alch      100%       1d9       0%          1
 Cigotuvi's Dreadful Rot  Necr/Alch/Air  100%       N/A       0%          2
 Mercury Vapours          Alch/Air       100%       N/A       0%          2
 Scorch                   Fire           100%       2d9       0%          2
 Searing Ray              Conj           100%       2d8       0%          2
 Kiss of Death            Conj/Necr      100%       2d13      1%          1
 Necrotise                Necr           100%       1d9       1%          1
 Sandblast                Erth           100%       2d20      1%          1
 Slow                     Hex            100%       N/A       1%          1
 Jinxbite                 Hex            74%        N/A       1%          2
 Lesser Beckoning         Tloc           100%       N/A       1%          2
 Momentum Strike          Conj/Tloc      100%       3d10      1%          2
 Hailstorm                Conj/Ice       92%        3d15      0%          3
 Swiftness                Air            100%       N/A       0%          3
 Airstrike                Air            61%        2d(9-25)  0%          4
 Confusing Touch          Hex            37%        N/A       1%          3
 Dazzling Flash           Conj/Hex       100%       N/A       1%          3
 Fugue of the Fallen      Necr           100%       N/A       1%          3
 Gell's Gravitas          Tloc           56%        N/A       1%          3
 Inner Flame              Hex/Fire       95%        N/A       1%          3
 Mephitic Cloud           Conj/Alch/Air  100%       N/A       1%          3
 Sigil of Binding         Hex            37%        N/A       1%          3
 Stone Arrow              Conj/Erth      100%       3d13      1%          3
 Teleport Other           Tloc           56%        N/A       1%          3
 Vampiric Draining        Necr           100%       2d13      1%          3
 Volatile Blastmotes      Fire/Tloc      100%       2d18      1%          3
 Brom's Barrelling Bould  Conj/Erth      79%        2d9       1%          4
 Dimensional Bullseye     Hex/Tloc       24%        N/A       1%          4
 Flame Wave               Conj/Fire      100%       2d21      1%          4
 Fulminant Prism          Conj/Alch      42%        3d19      1%          4
 Ignite Poison            Fire/Alch      100%       N/A       1%          4
 Leda's Liquefaction      Alch/Erth      39%        N/A       1%          4
 Manifold Assault         Tloc           56%        N/A       1%          4
 Olgreb's Toxic Radiance  Alch           84%        N/A       1%          4
 Passage of Golubria      Tloc           56%        N/A       1%          4
 Petrify                  Alch/Erth      79%        N/A       1%          4
 Sticky Flame             Fire/Alch      100%       2d15      1%          4
 Vhi's Electric Charge    Tloc/Air       100%       N/A       1%          4
 Arcjolt                  Conj/Air       57%        1d67      1%          5
 Curse of Agony           Necr           100%       N/A       1%          5
 Fireball                 Conj/Fire      57%        3d22      1%          5
 Freezing Cloud           Conj/Ice/Air   58%        6-21      1%          5
 Iskenderun's Battlesphe  Conj           84%        2d13      1%          5
 Silence                  Hex/Air        47%        N/A       1%          5
 Yara's Violent Unravell  Hex/Alch       32%        3d13      1%          5
 Eringya's Noxious Bog    Alch           42%        4d6       1%          6
 Starburst                Conj/Fire      57%        6d15      1%          6
 Dispersal                Tloc           28%        N/A       16%         6
 Lehudib's Crystal Spear  Conj/Erth      39%        10d10     56%         8
 Polar Vortex             Ice            49%        12d6*     58%         9
 Fire Storm               Conj/Fire      57%        8d14      89%         9
 Enfeeble                 Hex            18%        N/A       95%         7
 Disjunction              Tloc           28%        N/A       99%         8
 Summon Small Mammal      Summ           Unusable   N/A       N/A         1
 Call Imp                 Summ           Unusable   N/A       N/A         2
 Sublimation of Blood     Necr           Unusable   N/A       N/A         2
 Call Canine Familiar     Summ           Unusable   N/A       N/A         3
 Summon Ice Beast         Ice/Summ       Unusable   N/A       N/A         3
 Animate Dead             Necr           Unusable   N/A       N/A         4
 Martyr's Knell           Necr/Summ      Unusable   N/A       N/A         4
 Summon Blazeheart Golem  Fire/Summ      Unusable   N/A       N/A         4
 Sculpt Simulacrum        Ice/Alch       Unusable   N/A       N/A         6
 Death Channel            Necr           Unusable   N/A       N/A         6
 Summon Forest            Summ/Tloc      Unusable   N/A       N/A         5
 Summon Mana Viper        Hex/Summ       Unusable   N/A       N/A         5
 Spellforged Servitor     Conj/Summ      Unusable   N/A       N/A         7
 Summon Cactus Giant      Summ           Unusable   N/A       N/A         6
 Haunt                    Necr/Summ      Unusable   N/A       N/A         7
 Monstrous Menagerie      Summ           Unusable   N/A       N/A         7
 Summon Hydra             Summ           Unusable   N/A       N/A         7

Dungeon Overview and Level Annotations

Branches:
Dungeon (15/15)            Temple (1/1) D:5            Lair (5/5) D:9
 Shoals (4/4) Lair:2       Spider (4/4) Lair:3        Slime (5/5) Lair:4
    Orc (2/2) D:9             Elf (3/3) Orc:2        Vaults (5/5) D:14
  Crypt (3/3) Vaults:2       Tomb (0/3) Crypt:3      Depths (4/4) D:15
    Zot (5/5) Depths:4      Sewer (visited)           IceCv (visited)
Desolation (visited)      Gauntlet (visited)

Altars:
Ashenzari
Cheibriados
Dithmenos
Fedhas
Gozag
Hepliaklqana
Kikubaaqudgha
Makhleb
Nemelex Xobeh
Okawaru
Qazlal
Ru
Sif Muna
Trog
Uskayaw
Vehumet
Wu Jian
Xom
Yredelemnul

Shops:
D:1 (   D:4 *(   D:5 *   D:8 [   D:10 ::   Orc:2 *((:   Elf:1 =(:[   Elf:2 [
Shoals:1 *   Shoals:3 [   Shoals:4 :   Vaults:2 (   Vaults:3 ?   Vaults:5 *:=*=
Depths:1 =(=

Portals:
Hell: Depths:1 Depths:2 Depths:3 Depths:4
Abyss: Depths:1 Depths:3 Depths:4
Pandemonium: Depths:2
Ziggurat: Depths:4


Innate Abilities, Weirdness & Mutations

You are immune to poison.
Your flesh is cold resistant. (rC+)
You are immune to negative energy. (rN+++)
You are immune to unholy pain and torment.
You are vulnerable to heat. (rF-)
You are strongly in touch with the powers of death.
You do not drink.
You have a special connection with the divine. (Faith)


Message History

Confirm with . or Enter, or press ? or * to list all spells.
Aiming: Passwall (safe; 1% risk of failure)
Press: ? - help, Dir - move target A rock wall.
This square is covered in magical glow.
You block the tormentor's attack.
The tormentor hits you but does no damage.
You begin to meditate on the wall.
You continue meditating on the rock.
The tormentor misses you. The tormentor closely misses you.
You continue meditating on the rock.
The tormentor hits you but does no damage.
You block the tormentor's attack.
You continue meditating on the rock.
The tormentor closely misses you. The tormentor completely misses you.
The tormentor hits you but does no damage. x2
You finish merging with the rock.
There is a stone staircase leading up here.
Casting: Passwall (safe; 1% risk of failure)
Confirm with . or Enter, or press ? or * to list all spells.
You erupt in a blast of force!
The mystic blast hits the tormentor!
The tormentor is moderately wounded.
The tormentor is knocked back by the mystic blast.
You climb upwards.
There is a stone staircase leading down here.
HP restored.
Magic restored.
Your magical contamination has completely faded away.
You see here a +0 club.
A reaper comes into view. It is wielding a +5 scythe of freezing.
The reaper hits you from afar with a +5 scythe of freezing!!
The reaper drags you backwards! The reaper freezes you.
The reaper hits you with a +5 scythe of freezing!
The reaper drags you backwards! The reaper freezes you.
Casting: Iskenderun's Mystic Blast (safe; 1% risk of failure)
Confirm with . or Enter, or press ? or * to list all spells.
You erupt in a fountain of uncontrolled magic!
The reaper is blasted with magical radiation!!!
The reaper is severely wounded.
You are very lightly contaminated with residual magic.
You block the reaper's attack.
Casting: Irradiate (safe; 1% risk of failure)
Confirm with . or Enter, or press ? or * to list all spells.
You erupt in a fountain of uncontrolled magic!
The reaper is blasted with magical radiation!!
You kill the reaper!
Okawaru accepts your kill.
You are lightly contaminated with residual magic.
You open the door.
There is an open door here.
There is a staircase leading out of the dungeon here.
You have escaped!

....# #.#♣.♣####.# # ..#.#
#.#......#.# #
..#.####.....##...############# #
......#..........#............# #
..#.#)###...###....##########.# #
..#.§§#########PPPP....# #.# #
..#.§§'§......##§§§.##.# #.# #
###§§§#§§§§§...###.###.# #.# #
#§§§+§§§§§....@### #.# #.###
#§§§#.§§§§...###.###.# #....
##.§§'..§§...##§§..##.# #.#.P
#....#########PPPP.##.# #.##.
#.)#.##.#.#...####.##.# #.###
##..####...........>...# #.# #
.....###...#.######....######.###
...........#.# ##...............
####.####..#.####......##....[###


There were no monsters in sight!

Vanquished Creatures
  Dissolution (Slime:5)
  the Royal Jelly (Slime:5)
  7 dread liches
  Frederick (Vaults:3)
  3 orbs of fire (Zot:5)
  3 ancient liches (Zot:5)
  A juggernaut (Depths:4)
  The ghost of Leown the Sniper, a legendary KoDe of Makhleb (Zot:4)
  Vv (Crypt:1)
  The ghost of Ydililac the Metallomancer, a legendary GrEE of Gozag (Zot:1)
  4 Killer Klowns
  Bai Suzhen (Vaults:5)
  4 curse toes
  10 golden dragons
  Margery (Vaults:3)
  Nikola (Spider:1)
  A profane servitor (Abyss:3)
  The ghost of Ajyf the Eclecticist, an adept DgEE (Elf:1)
  2 electric golems (Zot:5)
  An Ice Fiend (D:12)
  Jorgrun (D:15)
  A hellephant (Vaults:3)
  Zenata (Vaults:1)
  15 tentacled monstrosities
  26 Orb Guardians
  9 liches
  2 deep elf blademasters (Elf:3)
  9 quicksilver dragons
  2 deep elf master archers (Elf:3)
  6 titans
  An Executioner (D:2)
  21 acid blobs
  13 sphinxes
  6 ancient champions
  Polyphemus (Shoals:3)
  A kraken (Shoals:4)
  6 tentacled starspawn
  9 death cobs
  17 storm dragons
  13 shadow dragons
  5 tengu reavers
  A revenant (Crypt:1)
  4 protean progenitors
  16 azure jellies
  6 draconian monks
  A daeva (Zot:5)
  The ghost of Tonuywof the Fencer, an adept BaWr of Cheibriados (D:14)
  12 fire giants
  15 rockslimes
  7 deep elf sorcerers
  4 draconian knights
  4 draconian shifters (Zot:1)
  3 iron dragons
  19 frost giants
  6 deep elf elementalists
  5 emperor scorpions
  4 imperial myrmidons (Desolation)
  13 vault wardens
  10 ghost moths
  5 draconian scorchers
  4 orc warlords
  4 ghouls
  13 quicksilver oozes
  4 curse skulls
  2 reapers
  The ghost of Lech the Eclecticist, an adept DECj of Sif Muna (Depths:3)
  2 broodmothers (Zot:2)
  18 ironbound preservers
  2 draconian stormcallers (Zot:1)
  4 formless jellyfish
  5 ironbound thunderhulks
  16 stone giants
  12 green draconians
  17 very ugly things
  5 draconian annihilators
  5 vampire knights
  10 deep elf demonologists
  A lorocyproca (Depths:1)
  13 red draconians
  A minotaur (Gauntlet)
  A war gargoyle (Vaults:5)
  7 purple draconians
  2 halazid warlocks (Desolation)
  11 black draconians
  12 deep elf death magi
  5 white draconians
  7 deep elf annihilators
  12 spark wasps
  3 dire elephants (Vaults:1)
  13 yellow draconians
  4 eidola
  17 ettins
  Snorg (D:13)
  11 merfolk javelineers
  A blizzard demon (Depths:2)
  A mummy priest (Crypt:3)
  9 ragged hierophants (Desolation)
  6 jiangshi
  An entropy weaver (shapeshifter) (D:13)
  31 vault guards
  3 entropy weavers
  8 merfolk impalers
  9 rakshasas
  15 yaktaur captains
  10 great orbs of eyes
  10 servants of whispers (Desolation)
  7 fire dragons
  8 peacekeepers (Desolation)
  A hell beast (Zot:5)
  3 deep elf high priests
  3 hydras
  8 ice dragons
  A jorogumo (Spider:4)
  5 catoblepae
  A caustic shrike simulacrum (IceCv)
  6 spriggan air magi
  8 radroaches
  10 ironbound frosthearts
  5 two-headed ogres
  6 boulder beetles
  13 centaur warriors
  5 death knights
  5 merfolk avatars
  An ogre mage (Vaults:5)
  41 dancing weapons
  5 merfolk aquamancers
  A bennu zombie (Crypt:1)
  4 satyrs
  A bennu skeleton (Crypt:2)
  7 tengu warriors
  An Orb Guardian skeleton (Crypt:2)
  12 deep troll earth magi
  A sphinx skeleton (Crypt:3)
  10 deep troll shamans
  8 death yaks
  An orc high priest (Elf:1)
  7 death scarabs (Spider:4)
  A hell hog (Abyss:1)
  7 thrashing horrors
  7 demonic crawlers
  A shock serpent (shapeshifter) (Abyss:1)
  2 vampire magi
  3 spriggan berserkers
  A titan zombie (Depths:1)
  An emperor scorpion zombie (Crypt:3)
  Sonja (D:12)
  A titan skeleton (Depths:1)
  The ghost of niknal the Summoner, a journeyman GrSu (Lair:1)
  6 wretched stars
  19 deep elf knights
  3 skysharks
  3 soul eaters
  10 hell knights
  A shadow wraith (Crypt:2)
  6 sea snakes
  8 iron trolls
  A sixfirhy (Abyss:1)
  8 glowing orange brains
  Lodul (D:10)
  A spatial maelstrom (Abyss:4)
  A skyshark (shapeshifter) (Depths:4)
  14 pharaoh ants
  22 skeletal warriors
  A mana viper (shapeshifter) (Depths:3)
  3 sun moths
  6 arcanists
  7 flayed ghosts
  A glowing orange brain (shapeshifter) (Elf:2)
  3 mana vipers (Zot:1)
  62 deep trolls
  11 orb spiders
  19 ironbound convokers
  An obsidian statue (IceCv)
  6 bog bodies
  21 harpies
  3 starcursed masses
  2 phantasmal warriors
  15 lindwurms
  4 necromancers
  22 deep elf archers
  6 steelbarb worms
  43 deep elf pyromancers
  2 spectral wolf spiders (Spider:4)
  An eleionoma zombie (Crypt:2)
  50 ugly things
  17 orc knights
  3 orc sorcerers
  12 wolf spiders
  27 deep elf zephyrmancers
  6 shining eyes
  7 cyclopes
  4 worldbinders
  14 fauns
  17 manticores
  A manticore (shapeshifter) (Elf:1)
  A dire elephant zombie (Abyss:1)
  25 moths of wrath
  2 human skeletons
  2 black mambas (shapeshifter)
  5 black mambas
  3 oklob plants (Lair:3)
  8 merfolk sirens
  4 smoke demons
  14 vault sentinels
  10 meliai
  13 elephants
  6 water nymphs
  5 kobold blastminers
  4 guardian serpents (Desolation)
  An apocalypse crab (Abyss:1)
  7 large abominations
  6 eyes of devastation
  A titan simulacrum (Depths:1)
  9 cane toads
  A gargoyle (D:13)
  5 torpor snails
  Jeremiah (D:6)
  A torpor snail (shapeshifter) (Vaults:5)
  A pale draconian zombie (Crypt:3)
  2 spectral redbacks (Spider:4)
  A cane toad (shapeshifter) (Elf:3)
  An unseen horror (D:7)
  A rime drake (Lair:4)
  A kobold demonologist (Abyss:3)
  4 anaconda simulacra (IceCv)
  A redback zombie (Spider:4)
  3 ice devils (IceCv)
  16 komodo dragons
  7 tengu conjurers
  2 efreet
  36 yaktaurs
  A death yak skeleton (Crypt:1)
  2 trolls (shapeshifter)
  22 freezing wraiths
  28 merfolk
  6 guardian mummies (Crypt:3)
  2 golden dragon simulacra (IceCv)
  A red devil (Depths:4)
  A hydra skeleton (Crypt:3)
  2 hornets
  A polar bear (Lair:2)
  A queen bee (D:10)
  61 saltlings (Desolation)
  9 trolls
  21 blink frogs
  29 tarantellas
  A spectral tarantella (Spider:4)
  An alligator simulacrum (IceCv)
  A spectral culicivora (Spider:4)
  6 dream sheep (Shoals:4)
  5 spectral jumping spiders (Spider:4)
  4 raiju
  A jumping spider zombie (Spider:4)
  A raiju (shapeshifter) (D:14)
  2 glass eyes
  12 snapping turtles
  26 jumping spiders
  An ettin zombie (Crypt:2)
  A tarantella zombie (Crypt:2)
  101 slime creatures
  5 air elementals (Elf:2)
  29 culicivoras
  64 yaks
  3 ynoxinuls
  A jumping spider (shapeshifter) (Abyss:3)
  2 dire elephant simulacra (IceCv)
  A shadow (D:9)
  11 water elementals
  2 wyverns (Lair:5)
  21 fire elementals
  A wyvern (shapeshifter) (Depths:4)
  12 wraiths
  7 basilisks
  14 golden eyes
  7 neqoxecs
  71 redbacks
  3 steam dragons
  2 wargs (Orc:1)
  A chaos spawn (Abyss:1)
  A faun zombie (Crypt:3)
  2 minotaur simulacra (IceCv)
  A naga (Bazaar)
  10 vampire mosquitoes
  Edmund (D:6)
  2 elf skeletons
  5 harpy simulacra (IceCv)
  A two-headed ogre zombie (Crypt:1)
  19 water moccasins
  2 acid dragons
  A hydra simulacrum (IceCv)
  4 hell hounds
  A faun skeleton (Crypt:3)
  A glowing shapeshifter skeleton (Vaults:2)
  An ice beast (D:8)
  3 sky beasts (D:7)
  3 black bears
  48 orc warriors
  15 laughing skulls
  9 ogres
  2 black bears (shapeshifter)
  A crocodile (Sewer)
  6 small abominations
  A tengu (shapeshifter) (Vaults:5)
  A blink frog zombie (Crypt:3)
  A wolf (Lair:1)
  38 centaurs
  6 boggarts
  3 phantoms
  A weeping skull (Gauntlet)
  A human zombie (Vaults:2)
  2 brain worms
  9 earth elementals
  2 gnoll sergeants
  10 bullfrogs
  3 kobold brigands
  5 scorpions
  Blork the orc (D:6)
  2 necrophages (Crypt:3)
  A deep troll simulacrum (IceCv)
  A glowing shapeshifter simulacrum (Vaults:2)
  7 wights
  2 troll zombies (D:9)
  5 lindwurm simulacra (IceCv)
  20 killer bees
  6 electric eels (D:5)
  6 howler monkeys
  3 hounds
  6 quasits
  3 jellies
  2 bombardier beetles (D:4)
  A basilisk skeleton (Crypt:1)
  19 orc priests
  4 sleepcaps (D:7)
  2 black bear zombies (Crypt:3)
  A gnoll bouda (D:8)
  An iron imp (Abyss:2)
  5 iguanas
  28 orc wizards
  A boggart skeleton (Crypt:3)
  6 ogre zombies (D:9)
  A crocodile skeleton (Crypt:3)
  Robin (D:2)
  15 adders
  32 gnolls
  A shadow imp (Abyss:3)
  2 white imps
  9 ufetubi
  A dart slug (D:3)
  3 ribbon worms
  95 orcs
  7 ball pythons
  5 endoplasms
  2 giant cockroaches
  22 goblins
  15 hobgoblins
  2 jackals (D:3)
  20 kobolds
  5 quokkas
  17 bats
  An endoplasm zombie (Crypt:1)
  2 frilled lizards (D:1)
  6 gnoll skeletons (D:9)
  2 gnoll zombies (D:9)
  A kobold skeleton (Crypt:1)
  7 orc skeletons
  13 orc zombies
  A quokka zombie (Crypt:1)
  3 rats
  2 aspiring fleshes (Zot:2)
  A lurking horror (Abyss:2)
  4 starspawn tentacles
2888 creatures vanquished.

Vanquished Creatures (collateral kills)
  5 tentacled monstrosities (Zot:1)
  A protean progenitor (Zot:4)
  A draconian scorcher (Zot:1)
  A draconian shifter (Zot:1)
  A ghost moth (Zot:1)
  A purple draconian (Zot:1)
  3 shining eyes (Zot:4)
  An orc warrior (Orc:1)
  4 ice beasts (Zot:4)
18 creatures vanquished.

Vanquished Creatures (others)
  A yak (Lair:5)
  An ogre (D:7)
  93 foxfires
  A lurking horror (Abyss:2)
  3 starspawn tentacles (Abyss:3)
  18 tentacles (Shoals:4)
117 creatures vanquished.

Grand Total: 3023 creatures vanquished

Notes
Turn   | Place    | Note
-------+----------+-------------------------------------------
     0 | D:1      | Ge0ff the Mummy Cinder Acolyte began the quest for the Orb.
     0 | D:1      | Reached XP level 1. HP: 18/18 MP: 2/2
   329 | D:1      | Found Godonisk's Weapon Shop.
   360 | D:1      | Reached XP level 2. HP: 24/24 MP: 4/4
   363 | D:1      | Learned a level 2 spell: Scorch
  1326 | D:2      | Reached skill level 1 in Stealth
  1353 | D:2      | Reached XP level 3. HP: 29/29 MP: 5/5
  2025 | D:3      | Noticed Robin
  2115 | D:2      | Killed Robin
  2257 | D:3      | Reached XP level 4. HP: 35/35 MP: 6/6
  3282 | D:3      | Reached XP level 5. HP: 41/41 MP: 4/7
  3944 | D:4      | Found Irein Laebu's Antique Weapon Boutique.
  4049 | D:4      | Noticed a black bear
  4055 | D:4      | Killed a black bear
  4056 | D:4      | Reached skill level 5 in Fire Magic
  4056 | D:4      | Reached XP level 6. HP: 47/47 MP: 8/8
  4641 | D:4      | Identified a scroll of acquirement
  4642 | D:4      | Acquired 823 gold pieces
  4898 | D:4      | Reached XP level 7. HP: 52/52 MP: 9/9
  5250 | D:4      | Found Laxoy's General Store.
  5413 | D:4      | Bought the +1 leather armour of Analysis {Int+2} for 182
                  | gold pieces
  5437 | D:5      | Entered Level 5 of the Dungeon
  5820 | D:5      | Reached skill level 1 in Armour
  6231 | D:5      | Found a staircase to the Ecumenical Temple.
  6257 | D:4      | Bought a wand of flame (16) for 112 gold pieces
  6390 | D:5      | Reached XP level 8. HP: 47/58 MP: 10/10
  6970 | D:5      | Found Lukaf's Assorted Antiques.
  6977 | D:5      | Bought a bloodstained spear for 200 gold pieces
  6977 | D:5      | Identified the +5 spear "Axithreo" {elec, rPois rCorr} (You
                  | bought it in a shop on level 5 of the Dungeon)
  6980 | D:5      | Bought a fine spear for 200 gold pieces
  6980 | D:5      | Identified the +1 spear of Destiny {venom, rN+} (You bought
                  | it in a shop on level 5 of the Dungeon)
  6981 | D:5      | Bought a scorched trident for 212 gold pieces
  6981 | D:5      | Identified the +4 trident of the Hurting Shrike {flame,
                  | ^Fragile rPois Will+ Dex+8} (You bought it in a shop on
                  | level 5 of the Dungeon)
  7200 | D:6      | Reached skill level 1 in Evocations
  7234 | D:6      | Noticed Blork the orc
  7242 | D:6      | Killed Blork the orc
  7312 | D:6      | Noticed Edmund
  7319 | D:6      | Killed Edmund
  7405 | D:6      | Found a glowing drain.
  7413 | Sewer    | Entered a sewer
  7640 | Sewer    | Learned a level 3 spell: Volatile Blastmotes
  8288 | D:6      | Reached skill level 1 in Translocations
  8288 | D:6      | Reached XP level 9. HP: 65/65 MP: 14/15
  8864 | D:6      | Noticed Jeremiah
  8874 | D:6      | Killed Jeremiah
  9209 | D:7      | Found a large runed translucent door.
  9209 | D:7      | Found a large runed translucent door.
  9213 | D:7      | Got Xilag's Parchment of Frosty Open Graves
  9301 | D:7      | Found a large runed translucent door.
  9301 | D:7      | Found a large runed translucent door.
  9329 | D:7      | Reached skill level 5 in Spellcasting
  9411 | D:7      | Killed an unseen horror
  9412 | D:7      | Reached skill level 5 in Fighting
  9419 | D:7      | Learned a level 6 spell: Starburst
  9569 | D:7      | Reached skill level 1 in Conjurations
 10147 | D:7      | Learned a level 7 spell: Ozocubu's Refrigeration
 10175 | D:8      | Found Ceabucs's Antique Armour Shop.
 10182 | D:8      | Reached XP level 10. HP: 74/74 MP: 20/20
 10557 | D:8      | Reached skill level 1 in Ice Magic
 10763 | D:8      | You fall into a shaft and drop 1 floor!
 11156 | D:9      | Found a sparkling altar of Nemelex Xobeh.
 11157 | D:9      | Found a stormy altar of Qazlal.
 11165 | D:9      | Found an ornate altar of the Wu Jian Council.
 11166 | D:9      | Found a burning altar of Makhleb.
 11168 | D:9      | Found a hazy altar of Hepliaklqana.
 11172 | D:9      | Found a shadowy altar of Dithmenos.
 11516 | D:9      | Found a staircase to the Orcish Mines.
 11686 | D:8      | Identified the +8 hand axe "Leicsec" {venom, rCorr Str+3}
 11814 | D:8      | Reached skill level 5 in Conjurations
 12024 | D:8      | Noticed a two-headed ogre
 12038 | D:8      | Killed a two-headed ogre
 12921 | D:9      | Reached XP level 11. HP: 79/79 MP: 17/24
 12999 | D:9      | Noticed a two-headed ogre
 13013 | D:9      | Killed a two-headed ogre
 13331 | D:9      | Found a staircase to the Lair.
 13836 | D:9      | Found a staircase to the Orcish Mines.
 13882 | D:9      | Found a shadowy altar of Dithmenos.
 13885 | D:9      | Found a hazy altar of Hepliaklqana.
 13890 | D:9      | Found a burning altar of Makhleb.
 13892 | D:9      | Found an ornate altar of the Wu Jian Council.
 13896 | D:9      | Found a stormy altar of Qazlal.
 13899 | D:9      | Found a sparkling altar of Nemelex Xobeh.
 14057 | D:9      | Found a staircase to the Lair.
 14151 | D:10     | Entered Level 10 of the Dungeon
 14151 | D:10     | Noticed Lodul
 14151 | D:10     | Found Upiaq's Book Shop.
 14156 | D:10     | Killed Lodul
 14224 | D:10     | Bought a book of Spontaneous Combustion for 532 gold pieces
 14230 | D:10     | Learned a level 5 spell: Irradiate
 14289 | D:10     | Learned a level 4 spell: Iskenderun's Mystic Blast
 14379 | D:10     | Found Istiok's Book Boutique.
 14512 | D:10     | Reached skill level 1 in Alchemy
 15138 | D:10     | Reached skill level 10 in Spellcasting
 15764 | D:10     | Found Upiaq's Book Shop.
 15806 | D:10     | Found Istiok's Book Boutique.
 16337 | D:11     | Identified the staff of the Jolly Places {rN+ Conj}
 16371 | D:11     | Reached skill level 5 in Ice Magic
 16422 | D:11     | Found an iron altar of Okawaru.
 16831 | D:11     | Identified the +1 leather armour "Alamoina" {rC+}
 16951 | D:11     | Noticed a two-headed ogre
 16960 | D:11     | Killed a two-headed ogre
 16961 | D:11     | Noticed a red ugly thing
 16971 | D:11     | Killed a cyan ugly thing
 17198 | D:11     | Noticed a two-headed ogre
 17202 | D:11     | Killed a two-headed ogre
 17203 | D:11     | Reached XP level 12. HP: 86/86 MP: 24/26
 17558 | D:12     | Noticed Sonja
 17560 | D:12     | Killed Sonja
 17693 | D:12     | Noticed a boulder beetle
 17709 | D:12     | Killed a boulder beetle
 17918 | D:12     | Noticed a boulder beetle
 17927 | D:12     | Killed a boulder beetle
 18164 | D:12     | Reached skill level 1 in Throwing
 19311 | Lair:1   | Entered Level 1 of the Lair of Beasts
 20378 | Lair:1   | Noticed a death yak
 20387 | Lair:1   | Found a transporter.
 20387 | Lair:1   | Noticed niknal's ghost (journeyman GrSu)
 20407 | Lair:1   | Found a transporter.
 21126 | Lair:2   | Reached skill level 5 in Alchemy
 21712 | Lair:2   | Gained mutation: You are strongly in touch with the powers
                  | of death. [Mummy growth]
 21712 | Lair:2   | Reached XP level 13. HP: 73/93 MP: 17/28
 22636 | Lair:2   | Found a staircase to the Shoals.
 23413 | Lair:3   | Found a hole to the Spider Nest.
 25061 | Lair:4   | Found a staircase to the Slime Pits.
 25128 | Lair:4   | Noticed Nessos
 25131 | Lair:4   | Nessos changed into Nessos the troll
 25131 | Lair:4   | Noticed Nessos
 25137 | Lair:4   | Killed Nessos the troll
 25835 | Lair:5   | Entered Level 5 of the Lair of Beasts
 27873 | Lair:5   | Reached XP level 14. HP: 103/103 MP: 17/30
 28988 | Lair:5   | Reached skill level 10 in Ice Magic
 29683 | D:7      | Identified the +2 plate armour of the Skiapode {Str+4}
 30539 | Lair:1   | Killed niknal's ghost
 30777 | Orc:1    | Entered Level 1 of the Orcish Mines
 31335 | Orc:1    | Noticed an orc warlord
 31356 | Orc:1    | Killed an orc warlord
 32386 | Orc:1    | Found a burning altar of Makhleb.
 32829 | Orc:2    | Entered Level 2 of the Orcish Mines
 32829 | Orc:2    | Found a staircase to the Elven Halls.
 33266 | Orc:2    | Found a gate leading to a gauntlet.
 33277 | Gauntlet | Entered a Gauntlet
 33277 | Gauntlet | Found a transporter.
 33365 | Gauntlet | Found a transporter.
 33382 | Gauntlet | Found a transporter.
 33385 | Gauntlet | Found a transporter.
 33403 | Gauntlet | Found a transporter.
 33416 | Gauntlet | Found a transporter.
 33417 | Gauntlet | Found a runed translucent door.
 33421 | Gauntlet | Found a transporter.
 33425 | Gauntlet | Found a transporter.
 33431 | Gauntlet | Found a runed translucent door.
 33448 | Gauntlet | Found a transporter.
 33456 | Gauntlet | Found a transporter.
 33456 | Gauntlet | Found a transporter.
 33467 | Gauntlet | Found a transporter.
 33678 | Gauntlet | Identified the +2 helmet of Lura Atu {rElec Dex+3}
 33844 | Gauntlet | Identified the -1 pair of boots of Ganu {rCorr Dex+6 SInv}
 33854 | Gauntlet | Identified the ring "Torphic" {rPois rC- Will+ rCorr Int+4}
 33987 | Gauntlet | Identified the maw talisman of the Lute {rPois Stlth+}
 33994 | Gauntlet | Identified the +1 robe of the Pink Corner {Dex+4}
 33995 | Gauntlet | Got Lukeloodd's Almanac of Confrontation
 36004 | Orc:2    | Found Ucsosk's Weapon Shop.
 36004 | Orc:2    | Found Ehoppusu's Antique Weapon Shoppe.
 36006 | Orc:2    | Found Ekirr's Book Emporium.
 36008 | Orc:2    | Found Xumasch's General Store.
 36020 | Orc:2    | Bought a scroll of teleportation for 30 gold pieces
 36983 | D:13     | Reached XP level 15. HP: 108/108 MP: 25/33
 37135 | D:13     | Noticed Snorg
 37139 | D:13     | Killed Snorg
 37700 | D:13     | Reached skill level 15 in Spellcasting
 38575 | D:13     | Found a hazy altar of Hepliaklqana.
 40650 | D:14     | Found a gate to the Vaults.
 41228 | D:14     | Found a transporter.
 41332 | D:14     | Found a transporter.
 41333 | D:14     | Noticed Tonuywof's ghost (adept BaWr)
 41505 | D:14     | Learned a level 4 spell: Dispel Undead
 42066 | D:15     | Entered Level 15 of the Dungeon
 42069 | D:15     | Reached skill level 1 in Necromancy
 42069 | D:15     | Identified the +1 leather armour of Shielding {Slay+3}
 42888 | D:15     | Found an ancient bone altar of Kikubaaqudgha.
 42956 | D:15     | Noticed Jorgrun
 43047 | D:15     | Killed Jorgrun
 43757 | D:15     | Found a staircase to the Depths.
 44668 | D:14     | Killed Tonuywof's ghost
 44670 | D:14     | Identified the ring of the Grim God {rF+ Str+5 Dex+6}
 44992 | Shoals:1 | Entered Level 1 of the Shoals
 45034 | Shoals:1 | Reached skill level 5 in Necromancy
 45204 | Shoals:1 | HP: 5/108 [merfolk impaler/+0 trident (12)]
 45578 | Shoals:1 | Reached XP level 16. HP: 115/115 MP: 22/36
 45613 | Shoals:1 | Found Quteo's Assorted Antiques.
 45758 | Shoals:1 | Bought a scroll of teleportation for 81 gold pieces
 45758 | Shoals:1 | Bought a scroll of torment for 256 gold pieces
 46592 | Shoals:2 | Reached skill level 1 in Dodging
 48990 | Shoals:3 | Found Gawain's Dragon-Slaying Spoils.
 49826 | Shoals:3 | Found Gawain's Dragon-Slaying Spoils.
 49903 | Shoals:3 | Noticed Polyphemus
 49908 | Shoals:3 | Killed Polyphemus
 50323 | Shoals:4 | Entered Level 4 of the Shoals
 52260 | Shoals:4 | Identified the +8 long sword "Juuzush" {flame, rF++}
 52315 | Shoals:4 | Identified the +3 ring mail "Hywnogu" {rF+}
 52390 | Shoals:4 | Found Qoutwoso's Book Shop.
 52395 | Shoals:4 | Bought a manual of Shields for 1760 gold pieces
 52722 | Shoals:4 | Reached skill level 5 in Armour
 52812 | Shoals:4 | Reached XP level 17. HP: 95/124 MP: 11/38
 52920 | Shoals:4 | Reached skill level 5 in Evocations
 53169 | Shoals:4 | Got a barnacled rune of Zot
 53257 | Shoals:4 | Noticed a kraken
 53590 | Shoals:4 | Killed a kraken
 53862 | Shoals:4 | Identified the +4 quick blade of the Shimmering Hero
                  | {freeze, rC++ rN+++ Str-3 Dex-3}
 54189 | Spider:1 | Entered Level 1 of the Spider Nest
 54192 | Spider:1 | Noticed Nikola
 54202 | Spider:1 | Killed Nikola
 54203 | Spider:1 | Reached skill level 1 in Shields
 54295 | Spider:1 | Reached skill level 10 in Fighting
 55563 | Spider:1 | Reached skill level 5 in Dodging
 59206 | Spider:3 | Reached skill level 5 in Shields
 59229 | Spider:3 | Reached XP level 18. HP: 138/138 MP: 32/40
 60695 | Spider:4 | Entered Level 4 of the Spider Nest
 61165 | Spider:4 | Reached skill level 15 in Ice Magic
 64534 | Spider:4 | Got a gossamer rune of Zot
 65253 | Lair:5   | Learned a level 4 spell: Passage of Golubria
 65259 | Lair:5   | Learned a level 5 spell: Lee's Rapid Deconstruction
 65268 | Lair:5   | Learned a level 8 spell: Maxwell's Capacitive Coupling
 65557 | Temple   | Entered the Ecumenical Temple
 65642 | Elf:1    | Entered Level 1 of the Elven Halls
 65716 | Elf:1    | Found a glacial archway.
 65764 | IceCv    | Entered an ice cave
 65770 | IceCv    | Reached skill level 1 in Air Magic
 66281 | IceCv    | Reached skill level 1 in Earth Magic
 66986 | IceCv    | Found an ancient bone altar of Kikubaaqudgha.
 67421 | IceCv    | Noticed a lich
 67429 | IceCv    | Killed a lich
 68059 | Elf:1    | Reached XP level 19. HP: 148/148 MP: 22/42
 68245 | Elf:1    | Found Baixuos's Book Shop.
 68248 | Elf:1    | Found Abupraew's Antique Armour Shoppe.
 68321 | Elf:1    | Bought a steaming ring mail for 333 gold pieces
 68321 | Elf:1    | Identified the +4 ring mail of Gidy {rF+ Regen+} (You
                  | bought it in a shop on level 1 of the Elven Halls)
 68743 | Elf:1    | Found Kyntau Ycsu's Weapon Boutique.
 68772 | Elf:1    | Found Axef's Jewellery Shop.
 68780 | Elf:1    | Bought a ring of see invisible for 210 gold pieces
 69178 | Elf:1    | Found a transporter.
 69180 | Elf:1    | Noticed Ajyf's ghost (adept DgEE)
 69544 | Elf:1    | Found a transporter.
 69549 | Elf:1    | Identified the +10 dagger of Wu Jian's Envy {heavy, Dex+3}
 69892 | Elf:1    | Found a shimmering blue altar of Sif Muna.
 70251 | Elf:2    | Found a crumbling gateway.
 70347 | Desolati | Entered the Desolation of Salt
 71137 | Desolati | Found the +8 frozen axe "Frostbite" {freeze, freezing
                  | cloud, *Noise Fly rC+}
 71148 | Desolati | Reached skill level 5 in Air Magic
 71471 | Desolati | Identified the staff of the Present {rN+ Will+ Necro}
 71601 | Desolati | Identified the ring of Henuclath {rC+ Dex+6 Stlth+}
 71613 | Desolati | Got the Codex of the Arsonist
 72135 | Desolati | Reached skill level 10 in Conjurations
 72256 | Desolati | Identified the +2 robe "Fijow" {rElec Str+4}
 72490 | Desolati | Identified the ring "Abroy" {Wiz rC+ Str+3 Int+3}
 72592 | Desolati | Identified the +2 rapier of Tomorrow {pain, rC++}
 72594 | Desolati | Identified the +3 morningstar of Sewaparph {pain, rC+++
                  | Will+ rCorr Dex-5}
 72776 | Desolati | Reached XP level 20. HP: 158/158 MP: 9/43
 72843 | Desolati | Found the +8 trishula "Condemnation" {holy, anguish, *Noise
                  | Fly rN+}
 72937 | Desolati | Got the Verses on the Impure Commander
 73680 | Elf:2    | Reached skill level 5 in Earth Magic
 73742 | Elf:2    | Found Votoydoc's Antique Armour Emporium.
 73759 | Elf:2    | Bought a pair of runed gloves for 277 gold pieces
 73980 | Elf:2    | Identified the +3 bardiche "Aliotsar" {antimagic, *Corrode
                  | Int+2 Dex+3}
 74014 | Elf:2    | Found a runed translucent gate.
 74014 | Elf:2    | Found a runed translucent gate.
 74014 | Elf:2    | Found a runed translucent gate.
 74096 | Elf:2    | Learned a level 5 spell: Borgnjor's Vile Clutch
 74305 | Elf:2    | Reached skill level 10 in Shields
 75541 | Elf:2    | Found Votoydoc's Antique Armour Emporium.
 75987 | Elf:1    | Killed Ajyf's ghost
 76157 | Elf:3    | Entered Level 3 of the Elven Halls
 77316 | Elf:3    | Identified the +1 morningstar "Bagysoocs" {protect, rPois
                  | Dex+3}
 77338 | Elf:3    | Identified the +3 flail of Change {flame, rElec Str+7
                  | Dex-2}
 77338 | Elf:3    | Identified the ring "Lenaezxa" {Fire Int+4}
 77966 | Elf:3    | Identified the staff of Tyusuehe {Int+3 Conj}
 78338 | Shoals:1 | Found a runed translucent door.
 79795 | Shoals:1 | Acquired 874 gold pieces
 80778 | Elf:3    | Identified the +1 pair of gloves of the Jackfruit {+Blink
                  | Int+5 Slay-6 Stlth+}
 80805 | Elf:3    | Got Erphegh's Quarto of Vapour
 82099 | Vaults:1 | Entered Level 1 of the Vaults
 82368 | Vaults:1 | Noticed Zenata
 82375 | Vaults:1 | Reached XP level 21. HP: 127/167 MP: 5/45
 82590 | Vaults:1 | Reached skill level 15 in Fighting
 82890 | Vaults:1 | Reached skill level 10 in Air Magic
 84388 | Vaults:1 | Killed Zenata
 85181 | Vaults:2 | Found Biososum's Antique Weapon Emporium.
 85922 | Vaults:2 | Found a portal to a secret trove of treasure.
 86741 | Vaults:2 | Found a staircase to the Crypt.
 86741 | Vaults:2 | Found a basalt altar of Yredelemnul.
 86742 | Vaults:2 | Found an ancient bone altar of Kikubaaqudgha.
 88073 | Vaults:3 | Noticed Margery
 88287 | Vaults:3 | Identified the +2 robe of Rationality {rC+ Regen+}
 88684 | Vaults:3 | Reached XP level 22. HP: 175/175 MP: 20/46
 88893 | Vaults:3 | Found Afamoa's Magic Scroll Emporium.
 88901 | Vaults:3 | Bought a scroll of summoning for 114 gold pieces
 88901 | Vaults:3 | Bought a scroll of teleportation for 36 gold pieces
 88901 | Vaults:3 | Bought a scroll of summoning for 114 gold pieces
 88901 | Vaults:3 | Bought a scroll of enchant armour for 90 gold pieces
 89014 | Vaults:3 | Identified the orb "Neap" {light, rF- Int+6 Dex+2 SInv}
 89014 | Vaults:3 | Noticed Frederick
 89019 | Vaults:3 | Killed Frederick
 89284 | Vaults:3 | Killed Margery
 89742 | Vaults:3 | Found Afamoa's Magic Scroll Emporium.
 90002 | Vaults:4 | Found a flickering gateway to a bazaar.
 90011 | Bazaar   | Entered a bazaar
 90012 | Bazaar   | Found Fouqotte's Jewellery Emporium.
 90012 | Bazaar   | Found Carphem's Distillery.
 90030 | Bazaar   | Found Paeloass's Antique Weapon Shop.
 90061 | Bazaar   | Found Icruoha's Magic Scroll Boutique.
 90069 | Bazaar   | Bought a scroll of acquirement for 676 gold pieces
 90069 | Bazaar   | Bought 3 scrolls of fear for 156 gold pieces
 90069 | Bazaar   | Bought a scroll of fear for 52 gold pieces
 90069 | Bazaar   | Bought a scroll of fear for 52 gold pieces
 90069 | Bazaar   | Bought a scroll of teleportation for 39 gold pieces
 90069 | Bazaar   | Bought a scroll of summoning for 123 gold pieces
 90069 | Bazaar   | Bought a scroll of enchant armour for 97 gold pieces
 90069 | Bazaar   | Acquired Maxwell's Memoranda
 90078 | Bazaar   | Learned a level 6 spell: Bombard
 90085 | Bazaar   | Learned a level 6 spell: Plasma Beam
 91640 | Depths:1 | Entered Level 1 of the Depths
 91660 | Depths:1 | Found a flickering gateway to a bazaar.
 91727 | Bazaar   | Entered a bazaar
 91800 | Bazaar   | Found Kijasoor's General Store.
 91800 | Bazaar   | Found Tobb's Assorted Antiques.
 91805 | Bazaar   | Bought a scroll of enchant armour for 142 gold pieces
 91821 | Bazaar   | Found Keat's Weapon Shoppe.
 91921 | Bazaar   | Bought a scroll of revelation for 75 gold pieces
 92214 | Depths:1 | Found Loem's Jewellery Shop.
 92216 | Depths:1 | Found Dukits's Antique Weapon Boutique.
 92218 | Depths:1 | Found Nofuuf's Jewellery Shop.
 92230 | Depths:1 | Bought the amulet of the Four Winds {rN+ Will+++ Clar} for
                  | 1214 gold pieces
 92230 | Depths:1 | Found the amulet of the Four Winds {rN+ Will+++ Clar}
 92359 | Depths:1 | Found a one-way gate to the infinite horrors of the Abyss.
 92769 | Depths:1 | Found a gateway to Hell.
 92914 | Depths:2 | Reached skill level 15 in Air Magic
 93496 | Depths:2 | Identified the +6 great sword "Caqimo" {holy, rCorr}
 94012 | Depths:2 | Found a one-way gate leading to the halls of Pandemonium.
 94238 | Depths:3 | Noticed Lech's ghost (adept DECj)
 94266 | Depths:3 | Identified the ring of Hinorim {Ice rN+ Will+}
 94289 | Depths:3 | Found a hazy altar of Hepliaklqana.
 94289 | Depths:3 | Found a transporter.
 94298 | Depths:3 | Identified the +10 giant club "Luna" {flame, *Rage Dex+4}
 95295 | Depths:3 | Reached XP level 23. HP: 181/181 MP: 9/47
 95969 | Depths:3 | Reached skill level 10 in Evocations
 96607 | Depths:4 | Entered Level 4 of the Depths
 96705 | Depths:4 | Found a one-way gateway to a ziggurat.
 97810 | Depths:4 | Reached skill level 5 in Throwing
 97826 | Depths:4 | Noticed a juggernaut
 97829 | Depths:4 | Killed a juggernaut
 98244 | Depths:4 | Reached skill level 1 in Invocations
 99074 | Depths:4 | Found a gate to the Realm of Zot.
 99611 | Depths:4 | Found a one-way gateway to a ziggurat.
 99732 | Depths:4 | Found a gate to the Realm of Zot.
 99964 | Depths:3 | Found a transporter.
100209 | Depths:3 | Killed Lech's ghost
100681 | Slime:1  | Entered Level 1 of the Pits of Slime
100725 | Slime:1  | Reached XP level 24. HP: 188/188 MP: 15/47
101695 | Slime:1  | Reached skill level 10 in Fire Magic
102574 | Slime:2  | Reached skill level 5 in Invocations
103732 | Slime:5  | Entered Level 5 of the Pits of Slime
103740 | Slime:5  | Noticed Dissolution
103746 | Slime:5  | Killed Dissolution
103747 | Slime:5  | Reached skill level 5 in Stealth
103913 | Slime:5  | Noticed the Royal Jelly
104440 | Slime:5  | Killed the Royal Jelly
105416 | Slime:5  | Identified the +7 orcbow of War {elec, *Slow rF++ Int+8
                  | Dex-3}
105431 | Slime:5  | Learned a level 1 spell: Apportation
105463 | Slime:5  | Identified the +5 cloak of Muttered Phrases {*Corrode rElec
                  | Regen+}
105480 | Slime:5  | Got a slimy rune of Zot
106135 | Depths:1 | Voluntarily entered the Abyss.
106137 | Abyss:1  | Found a corrupted altar of Lugonu.
106392 | Abyss:1  | Paralysed by you for 1 turns
106462 | Depths:1 | Escaped the Abyss
106690 | Elf:1    | Bought a book of Geomancy for 420 gold pieces
106745 | Elf:2    | Learned a level 3 spell: Passwall
106971 | Depths:1 | Voluntarily entered the Abyss.
107088 | Abyss:1  | Found a corrupted altar of Lugonu.
107104 | Abyss:1  | Found a corrupted altar of Lugonu.
107108 | Abyss:1  | Found a corrupted altar of Lugonu.
107108 | Abyss:1  | Found a corrupted altar of Lugonu.
107116 | Depths:1 | Escaped the Abyss
107174 | Depths:1 | Voluntarily entered the Abyss.
107218 | Depths:1 | Escaped the Abyss
107254 | Depths:1 | Voluntarily entered the Abyss.
107564 | Abyss:2  | Found a corrupted altar of Lugonu.
107694 | Depths:1 | Escaped the Abyss
107703 | Depths:1 | Voluntarily entered the Abyss.
107707 | Abyss:3  | Found a corrupted altar of Lugonu.
107719 | Abyss:3  | Found a corrupted altar of Lugonu.
107926 | Abyss:3  | Found a corrupted altar of Lugonu.
108078 | Depths:1 | Escaped the Abyss
108117 | Depths:1 | Voluntarily entered the Abyss.
108155 | Abyss:3  | Reached skill level 10 in Alchemy
108188 | Abyss:3  | Found a corrupted altar of Lugonu.
108200 | Abyss:4  | Found a corrupted altar of Lugonu.
108202 | Abyss:4  | Found a corrupted altar of Lugonu.
108371 | Abyss:4  | Found a corrupted altar of Lugonu.
108378 | Abyss:4  | Got an abyssal rune of Zot
108392 | Abyss:5  | Found a corrupted altar of Lugonu.
108451 | Depths:1 | Escaped the Abyss
108753 | Vaults:2 | You showed the abyssal rune of Zot to enter a treasure
                  | trove
108754 | Trove    | Entered a treasure trove
108758 | Trove    | Identified the ring of Fatiwo {rN+ Str+3 Int-3 Slay+4}
108768 | Trove    | Identified the ring of Nujar {Fly EV+5 Str+2 Int-5}
108771 | Trove    | Identified the amulet of Ykeiggir {Acrobat Int+2}
108775 | Trove    | Identified the ring "Puyjurph" {rF+ rCorr Int+3 Dex+6
                  | Stlth+}
108779 | Trove    | Identified the ring "Plog" {Str+3 Int+6}
108782 | Trove    | Identified the ring "Ricuplu" {Ice rElec}
108946 | Vaults:5 | Entered Level 5 of the Vaults
108946 | Vaults:5 | Noticed Bai Suzhen
109143 | D:10     | Bought a book of Spatial Translocations for 252 gold pieces
109146 | D:10     | Learned a level 2 spell: Blink
109319 | Crypt:1  | Entered Level 1 of the Crypt
109448 | Crypt:2  | Reached XP level 25. HP: 197/197 MP: 43/47
109518 | Crypt:2  | You fall into a shaft and drop 1 floor!
109518 | Crypt:3  | Entered Level 3 of the Crypt
110163 | Crypt:3  | Identified the staff of Evil {Fly rElec rN+ Dex+6 Stlth-
                  | Necro}
110164 | Crypt:3  | Identified the +7 flail "Spiderslayer" {protect, rPois rF++
                  | Will+ Dex-4}
110209 | Crypt:3  | Got an ivory gem with 911 turns to spare
110211 | Crypt:3  | Identified the ring of Tuoclium {Wiz rElec Slay+3}
110252 | Crypt:3  | Identified the ring of the Dropbear {Will+ AC+4}
110257 | Crypt:3  | Identified the +3 chain mail of Analysis {rPois rCorr}
110317 | Crypt:3  | Found a staircase to the Tomb.
110402 | Crypt:3  | Reached skill level 10 in Invocations
111368 | Vaults:1 | Learned a level 8 spell: Ignition
111639 | Zot:1    | Entered Level 1 of the Realm of Zot
113236 | Zot:1    | Found a runed translucent gate.
113237 | Zot:1    | Found a runed translucent gate.
113237 | Zot:1    | Found a runed translucent gate.
113239 | Zot:1    | Noticed Ydililac's ghost (legendary GrEE)
116084 | Zot:3    | Reached XP level 26. HP: 204/204 MP: 22/47
118241 | Zot:4    | Found a runed translucent door.
118243 | Zot:4    | Noticed Leown's ghost (legendary KoDe)
118251 | Zot:4    | Killed Leown's ghost
118834 | Zot:5    | Entered Level 5 of the Realm of Zot
118851 | Zot:5    | Found a transporter.
118853 | Zot:5    | Found a transporter.
118857 | Zot:5    | Found a transporter.
118859 | Zot:5    | Found a transporter.
119099 | Zot:5    | Reached skill level 10 in Stealth
119290 | Zot:5    | Reached skill level 10 in Dodging
119290 | Zot:5    | Noticed an ancient lich
119294 | Zot:5    | Killed an ancient lich
119344 | Zot:5    | Noticed an ancient lich
119349 | Zot:5    | Killed an ancient lich
119701 | Zot:5    | Noticed a dread lich
119703 | Zot:5    | Noticed a dread lich
119706 | Zot:5    | Killed a dread lich
119707 | Zot:5    | Reached skill level 15 in Fire Magic
119729 | Zot:5    | Killed a dread lich
119792 | Zot:5    | Noticed an orb of fire
119797 | Zot:5    | Killed an orb of fire
120116 | Zot:5    | Noticed an orb of fire
120155 | Zot:5    | Killed an orb of fire
120327 | Zot:5    | Noticed a dread lich
120337 | Zot:5    | Killed a dread lich
120373 | Zot:5    | Noticed an ancient lich
120377 | Zot:5    | Killed an ancient lich
120526 | Zot:5    | Noticed a dread lich
120530 | Zot:5    | Killed a dread lich
120806 | Zot:5    | Noticed an orb of fire
120811 | Zot:5    | Killed an orb of fire
121472 | Zot:5    | Noticed a dread lich
121480 | Zot:5    | Killed a dread lich
121705 | Zot:5    | Reached XP level 27. HP: 210/210 MP: 19/47
122037 | Zot:5    | Reached skill level 15 in Invocations
123054 | Zot:5    | Fell from the grace of Ignis
124413 | Zot:2    | You fall into a shaft and drop 1 floor!
125495 | Zot:1    | Killed Ydililac's ghost
126104 | Zot:1    | Identified the +6 sling "Pendulum" {heavy, rC+ rCorr}
127284 | Crypt:1  | Noticed Vv
128428 | Crypt:1  | Killed Vv
129493 | Crypt:2  | Found a transporter.
129747 | Crypt:2  | Found a transporter.
129813 | Crypt:2  | Noticed a dread lich
129824 | Crypt:2  | Killed a dread lich
130102 | Crypt:2  | Identified the +6 whip "Muxual" {venom, ^Fragile rElec rF+
                  | Int+2}
130106 | Crypt:2  | Identified the ring of Onwee {Will+ Str-5 Dex+3 Stlth+}
130115 | Crypt:2  | Identified the amulet of Bemat {Regen+ Int+7}
130413 | Vaults:4 | You fall into a shaft and drop 1 floor!
131064 | D:11     | Became a worshipper of Warmaster Okawaru
131486 | Vaults:3 | You fall into a shaft and drop 1 floor!
131540 | Vaults:5 | Reached * piety under Okawaru
132820 | Vaults:5 | Noticed a dread lich
132825 | Vaults:5 | Killed a dread lich
132833 | Vaults:5 | Was forgiven by Ignis
132967 | Vaults:5 | Reached ** piety under Okawaru
133080 | Vaults:5 | Found Gyjacweh's Assorted Antiques.
133480 | D:4      | Bought a wand of mindburst (13) for 182 gold pieces
136908 | Vaults:5 | Reached *** piety under Okawaru
140671 | Vaults:5 | Killed Bai Suzhen
141247 | Vaults:5 | Identified the +7 scale mail "Damp" {Rampage}
141862 | Vaults:5 | Found Mileu's Jewellery Shoppe.
141862 | Vaults:5 | Found Gixziq's General Store.
143482 | Vaults:5 | Bought a scroll of revelation for 90 gold pieces
143486 | Vaults:5 | Got a silver rune of Zot
143491 | Vaults:5 | Found Houpavi's Jewellery Emporium.
143693 | Vaults:5 | Found Goerhafits's Book Shop.
144102 | Vaults:5 | Found Mileu's Jewellery Shoppe.
144126 | Vaults:5 | Found Gixziq's General Store.
144130 | Vaults:5 | Found Houpavi's Jewellery Emporium.
144277 | Vaults:5 | Found Gyjacweh's Assorted Antiques.
144351 | Vaults:5 | Identified the staff "Fufontej" {^Fragile rElec rF+ rCorr
                  | Str+5 Air}
149056 | Zot:5    | Got the Orb of Zot
149362 | Depths:1 | Noticed Eryhem the pandemonium lord
149475 | D:12     | Noticed Vouvoett the pandemonium lord
149508 | D:8      | Noticed Agiym the pandemonium lord
149673 | D:$      | Escaped with the Orb!

Illustrated notes

Levels and vault maps discovered:
D:1:      roadster_arrival_rocket_small, layout_loops_ring, serial_forest,
          infiniplex_forest_lined_room_, infiniplex_forest_lined_3,
          infiniplex_forest_lined_4_way, infiniplex_forest_zigzag_2,
          infiniplex_forest_clump_tiny, infiniplex_forest_join, serial_shops,
          nicolae_shop_statue_plus
D:2:      layout_loops_cross, chequers_serial_rivers_marsh,
          serial_bayou_lagoon_b
D:3:      layout_basic, kennysheep_minor_cross, minmay_increasing_density,
          uniq_robin
D:4:      layout_loops_corners, serial_shops, shop, serial_bayou_lagoon_a,
          nicolae_stop_n_shop_2, minmay_vboxes
D:5:      cheibrodos_two_vegetables, layout_basic, minmay_temple_entry_waves,
          serial_shops, nicolae_shop_dealshenge
D:6:      corexii_shantytown, layout_basic, gup_sewer_entry_bubbles,
          uniq_jeremiah, uniq_edmund, uniq_blork_the_orc
D:7:      layout_rooms, hex_medium, minmay_hollow_rounded_squares
D:8:      layout_cave_pods, serial_shops, nicolae_stop_n_shop_2
D:9:      layout_basic, nicolae_overflow_hallway_of_the_gods, erik_lair_dragon,
          zombieorc2_lemuel
D:10:     layout_long_grid, special_room [special_room_bee], serial_shops,
          nicolae_stop_n_shop_2, shop, uniq_lodul
D:11:     layout_basic, okawaru_gym_becter
D:12:     layout_gridville, uniq_sonja
D:13:     layout_irregular_city, worldfamousw_hep_ancestral_shrine, uniq_snorg
D:14:     layout_small_grid, erik_vaults_1, gammafunk_ghost_stat_death,
          serial_rivers, chequers_serial_rivers_small_3,
          chequers_serial_rivers_large_a, chequers_serial_rivers_micro_d,
          chequers_serial_rivers_large_b, chequers_serial_rivers_room_b,
          st_stairs_4, grunt_ministairs_12, minivault_21
D:15:     grunt_enter_depths_hoard, layout_layer_cave, basic_altar, uniq_jorgrun
Temple:   regret_index_temple_waves
Lair:1:   layout_gridlike, gammafunk_ghost_arena
Lair:2:   layout_gridlike, minmay_shoals_entry_hut, serial_bayou_pond_b,
          cheibrodos_lair_reptile_den
Lair:3:   layout_concentric_octagons, dummy_spider_entry, disabler_island
Lair:4:   layout_hall_layers, dpeg_slime_entry_corner, serial_bayou_shore_a,
          uniq_nessos
Lair:5:   evilmike_catoblepas_cave, layout_gridlike, st_stairs_11
Shoals:1: nicolae_shoals_offshore_bank_account, layout_shoals, serial_shops,
          shop
Shoals:2: layout_shoals
Shoals:3: layout_shoals, nicolae_shop_dragon_depot, uniq_polyphemus
Shoals:4: shoals_end_hangedman, layout_shoals, serial_shops,
          nicolae_shop_hallway_plus
Spider:1: layout_chambers, nicolae_spider_moth_buddies, uniq_nikola
Spider:2: layout_spider_delve, nicolae_spider_wall_of_niches,
          hangedman_spider_tarantella_strand
Spider:3: layout_cave_pods, nicolae_spider_solar_radiation
Spider:4: floodkiller_spider_rune_tomb, hellmonk_test_site
Slime:1:  layout_caves, cheibrodos_slime_lost_civilization_4
Slime:2:  layout_caves, nicolae_slime_rock_hall_of_fame
Slime:3:  layout_caves
Slime:4:  layout_caves, nicolae_slime_barrier,
          cheibrodos_slime_lost_civilization_7
Slime:5:  slime_pit, uniq_dissolution
Orc:1:    layout_diamond_mine, hangedman_feature_mirror
Orc:2:    st_orc_rangers, layout_caves, gauntlet_entry_generic
Elf:1:    minmay_elf_arrival_circle, layout_loops_corners, serial_shops, shop,
          nicolae_shop_tiny_real_fake_doors, nicolae_shop_tiny_glass, shop,
          portal_ice_cave_entry_pillars_1, gammafunk_ghost_arena,
          hangedman_elven_crosses_minicolossus, st_stairs_5,
          lemuel_upstairs_altar
Elf:2:    nicolae_elf_blades_splatter_lattice [mumra_blade_entry_bloodbath],
          layout_geoelf_diagonals, serial_shops,
          nicolae_shop_overgrown_old_shop, portal_desolation_entry_garden,
          evilmike_ambush [evilmike_ambush_outer_basic,
          evilmike_ambush_inner_basic]
Elf:3:    grunt_elf_hall_asides, layout_geoelf_diagonals, amethyst_killhole,
          minmay_misc_feat_alley
Vaults:1: hangedman_vaults_pinch, v_misc_33, v_misc_29, vaults_dpeg_cross,
          ontoclasm_vaults_fault, v_misc_18, vaults_dpeg_ring,
          layout_vaults_omnigrid, uniq_zenata
Vaults:2: nicolae_vaults_tetromino_L_1, nicolae_vaults_diagonal_hallway_6,
          hangedman_vaults_stream, minmay_crypt_entry_necro_gods,
          grunt_vaults_diagonal, ontoclasm_vaults_ring_small,
          ontoclasm_vaults_chip, nicolae_vaults_storage_closets_2,
          vaults_room_ringed_pool, nicolae_vaults_house_2,
          vaults_mumra_minichess_inversion, nicolae_vaults_apartment_2,
          layout_vaults_maze_bifur, nicolae_trove_entry_crystal, serial_shops,
          shop_statue
Vaults:3: nicolae_vaults_heart-shaped_vault, nicolae_vaults_closet_pinwheel_4,
          v_alt_pattern_2, nicolae_vaults_theta, ontoclasm_vaults_hangar,
          vaults_room_door_hall, hangedman_vaults_slice,
          nicolae_vaults_rhombus_6, nicolae_vaults_trapezoid_4,
          nicolae_vaults_house_1, v_misc_23, ontoclasm_vaults_chip, v_misc_8,
          nicolae_vaults_offset_grid_hallway_4, layout_vaults_omnibox,
          serial_shops, shop, uniq_frederick, uniq_margery
Vaults:4: ontoclasm_vaults_shuriken, v_misc_5, nicolae_vaults_cornered_office,
          v_pattern_4, nicolae_vaults_tetromino_L_2, st_hourglassy,
          nicolae_vaults_sesquioval_fish, nicolae_vaults_ellipses_ellipsis,
          vaults_room_corners, layout_vaults_ring, serial_shops, bzr_firewalk
Vaults:5: uniq_bai_suzhen
Crypt:1:  layout_basic, uniq_vv
Crypt:2:  gammafunk_its_a_trap, layout_rooms
Crypt:3:  david_glass_crypt, layout_misc_corridors, tomb_entry_shell_bobbens,
          grunt_megastairs_5
Depths:1: layout_gridlike, serial_shops, bzr_entry_lakeside,
          abyss_entry_small_statue_room, minmay_misc_feat_five,
          grunt_metal_band, lemuel_flamethrower_1, grunt_megastairs_3,
          minmay_shop_star
Depths:2: grunt_twist_and_shout, layout_honeycomb, hell_entry,
          grunt_pan_entry_spiral
Depths:3: thingy_vault, layout_honeycomb, gammafunk_ghost_smash, hell_entry,
          lemuel_crystal_altar, abyss_entry, grunt_ministairs_3,
          infiniplex_staircase_x
Depths:4: grunt_runaround [grunt_runaround_zot, grunt_runaround_doors_1,
          grunt_runaround_doors_2, grunt_runaround_doors_3,
          grunt_runaround_doors_4], hell_entry, abyss_entry
Zot:1:    layout_misc_corridors, gammafunk_ghost_ooze, grunt_ministairs_10
Zot:2:    layout_misc_corridors, hangedman_zot_wheel_spokes
Zot:3:    layout_gridlike
Zot:4:    kennysheep_bubbly, layout_onion_interference, gammafunk_ghost_grave,
          grunt_megastairs_2
Zot:5:    layout_misc_corridors, nicolae_transporter_circle

Skill      XL: |  1  2  3  4  5  6  7  8  9 10 11 12 13 14 15 16 17 18 19 20 21 22 23 24 25 26 27 |
---------------+----------------------------------------------------------------------------------+-----
Stealth        | 1 2 3 7 8 10 11 | 11.2
Fire Magic     | 3 4 5 6 7 8 9 10 13 15 | 15.0
Armour         | 1 3 5 6 7 |  7.0
Spellcasting   | 4 7 9 10 11 12 14 16 17 18 19 20 | 20.0
Evocations     | 2 3 4 5 6 8 12 | 12.0
Fighting       | 4 5 6 7 8 11 12 13 14 15 16 | 16.0
Translocations | 1 3 |  3.0
Conjurations   | 2 6 7 8 9 10 | 10.0
Ice Magic      | 3 5 7 9 12 13 14 15 | 15.0
Alchemy        | 4 5 6 7 8 10 | 10.0
Throwing       | 2 6 |  6.0
Necromancy     | 5 7 |  7.0
Dodging        | 3 5 7 8 9 10 | 10.0
Shields        | 5 7 9 10 12 | 12.0
Air Magic      | 2 6 9 13 15 | 15.0
Earth Magic    | 2 4 5 6 7 |  7.0
Invocations    | 3 7 10 14 20 | 20.1
Polearms       | |  2.4

Action                     |  1- 3 |  4- 6 |  7- 9 | 10-12 | 13-15 | 16-18 | 19-21 | 22-24 | 25-27 || total
---------------------------+-------+-------+-------+-------+-------+-------+-------+-------+-------++-------
  Melee: Spear             |    27 |    11 |     3 |       |       |       |     1 |       |       ||    42
         Trident           |       |       |    17 |    69 |    35 |       |       |       |       ||   121
         Punch             |       |       |       |     1 |       |       |       |       |       ||     1
         Staff             |       |       |       |       |       |     1 |     4 |    10 |    10 ||    25
  Throw: Stone             |       |       |     2 |     4 |       |       |       |       |       ||     6
         Dart              |       |       |       |     7 |     1 |     1 |       |       |       ||     9
         Javelin           |       |       |       |       |     1 |       |       |       |     1 ||     2
         Throwing net      |       |       |       |       |     4 |       |       |       |     1 ||     5
   Cast: Scorch            |    35 |    83 |   208 |   283 |    56 |       |       |       |       ||   665
         Volatile Blastmot |       |       |     2 |    27 |       |       |       |       |       ||    29
         Irradiate         |       |       |       |    36 |    71 |    15 |    60 |    41 |    56 ||   279
         Starburst         |       |       |       |    41 |   146 |    81 |    19 |       |       ||   287
         Ozocubu's Refrige |       |       |       |       |   247 |   554 |   624 |   648 |   449 ||  2522
         Dispel Undead     |       |       |       |       |     4 |    21 |     9 |    21 |   104 ||   159
         Lee's Rapid Decon |       |       |       |       |       |     4 |    40 |     4 |    16 ||    64
         Maxwell's Capacit |       |       |       |       |       |       |     2 |    11 |    53 ||    66
         Plasma Beam       |       |       |       |       |       |       |       |   140 |   243 ||   383
         Bombard           |       |       |       |       |       |       |       |     6 |     2 ||     8
         Passwall          |       |       |       |       |       |       |       |    18 |     5 ||    23
         Apportation       |       |       |       |       |       |       |       |     1 |     7 ||     8
         Blink             |       |       |       |       |       |       |       |       |     3 ||     3
         Passage of Golubr |       |       |       |       |       |       |       |       |     2 ||     2
         Iskenderun's Myst |       |       |       |       |       |       |       |       |     9 ||     9
         Ignition          |       |       |       |       |       |       |       |       |     1 ||     1
 Invoke: Foxfire Swarm     |       |     1 |       |     1 |     2 |     1 |       |       |       ||     5
         Fiery Armour      |       |       |     1 |       |       |       |       |       |       ||     1
         Renounce Religion |       |       |       |       |       |       |       |       |     1 ||     1
  Evoke: Wand              |       |       |    12 |     7 |    19 |    45 |     8 |     7 |     6 ||   104
         Phial of floods   |       |       |       |       |     2 |       |     2 |       |     1 ||     5
         Phantom mirror    |       |       |       |       |       |       |       |       |     2 ||     2
         Lightning rod     |       |       |       |       |       |       |       |       |     1 ||     1
    Use: Scroll            |       |     5 |     5 |    12 |     8 |    10 |    26 |    22 |    22 ||   110
   Stab: Petrified         |       |       |       |       |     2 |       |       |       |       ||     2
 Armour: Robe              |    11 |    33 |     1 |       |   166 |   138 |   148 |       |       ||   497
         Leather armour    |       |       |    69 |   212 |   118 |       |       |       |       ||   399
         Troll leather arm |       |       |       |       |       |       |    23 |   304 |   467 ||   794
  Dodge: Dodged            |    16 |    36 |    42 |   153 |   162 |    98 |    66 |   113 |   186 ||   872
  Block: Other             |       |    10 |    25 |    49 |    66 |       |       |       |       ||   150
         Reflection        |       |     1 |     1 |     2 |    22 |       |    19 |    13 |    11 ||    69
         Buckler           |       |       |       |       |       |    33 |    56 |   116 |   174 ||   379

Table legend: (Time is in decaauts)
 A = Elapsed time spent in this place.
 B = Non-inter-level travel time spent in this place.
 C = Inter-level travel time spent in this place.
 D = Time resting spent in this place.
 E = Time spent auto-exploring this place.
 F = Levels seen in this place.
 G = Mean time per level.
                   A        B        C        D        E       F      G
               +--------+--------+--------+--------+--------+-----+--------+
         Total | 150678 | 137790 |  12888 |  44006 |  75183 |  73 | 2064.1 |
       Dungeon |  32139 |  27356 |   4783 |   2218 |  21489 |  15 | 2142.6 |
        Temple |      1 |      1 |      0 |      0 |      0 |   1 |    1.0 |
          Lair |  12393 |  10737 |   1656 |    773 |   8645 |   5 | 2478.6 |
        Shoals |  11057 |  10587 |    470 |   3097 |   6547 |   4 | 2764.2 |
   Spider Nest |  11105 |  10547 |    558 |   4642 |   4728 |   4 | 2776.2 |
    Slime Pits |   5048 |   4578 |    470 |   1024 |   2903 |   5 | 1009.6 |
  Orcish Mines |   4048 |   3865 |    183 |    267 |   2892 |   2 | 2024.0 |
   Elven Halls |   8065 |   7217 |    848 |   2177 |   3929 |   3 | 2688.3 |
        Vaults |  28210 |  26370 |   1840 |  15271 |   9200 |   5 | 5642.0 |
         Crypt |   5429 |   5098 |    331 |   1910 |   2348 |   3 | 1809.7 |
        Depths |  10602 |   9528 |   1074 |   1836 |   6348 |   4 | 2650.5 |
           Zot |  13969 |  13299 |    670 |   7474 |   3809 |   5 | 2793.8 |
         Abyss |   1678 |   1678 |      0 |    448 |      0 |  10 |  167.8 |
        Bazaar |    330 |    330 |      0 |      0 |    189 |   2 |  165.0 |
         Trove |     35 |     35 |      0 |      0 |      0 |   1 |   35.0 |
         Sewer |    245 |    245 |      0 |     70 |    105 |   1 |  245.0 |
      Ice Cave |   2270 |   2270 |      0 |   1443 |    309 |   1 | 2270.0 |
    Desolation |   3287 |   3287 |      0 |   1238 |   1252 |   1 | 3287.0 |
      Gauntlet |    760 |    760 |      0 |    118 |    488 |   1 |  760.0 |
               +--------+--------+--------+--------+--------+-----+--------+

Top non-repeatable levels by time:
Vaults:5: 9555 daAuts
Vaults:4: 9247 daAuts
Depths:4: 4733 daAuts
   Zot:5: 4723 daAuts
     D:9: 4689 daAuts
Spider:4: 4302 daAuts
Shoals:4: 3866 daAuts
Vaults:1: 3855 daAuts
Shoals:3: 3320 daAuts
    D:13: 3292 daAuts
Desolation: 3287 daAuts
  Lair:5: 3083 daAuts
Depths:3: 2995 daAuts
    D:15: 2934 daAuts
  Lair:1: 2879 daAuts
